 Dungeon Crawl Stone Soup version 0.28.0 (webtiles) character file.

Game seed: 7744182110279037183

11144 dorian the Zephyrmancer (level 11, -2/51 (56) HPs)
             Began as a Tengu Air Elementalist on Feb 11, 2022.
             Was an Elder of Vehumet.
             Killed from afar by a steam dragon (40 damage)
             ... with a ball of steam
             ... on level 10 of the Dungeon.
             The game lasted 00:46:18 (14360 turns).

dorian the Zephyrmancer (Tengu Air Elementalist)   Turns: 14360, Time: 00:46:19

HP:   -2/51 (56)    AC:  5    Str:  9    XL:     11   Next: 73%
MP:   24/24         EV: 17    Int: 26    God:    Vehumet [****..]
Gold: 664           SH:  0    Dex: 16    Spells: 3/27 levels left

rFire   x . .      SeeInvis .   M - staff of cold
rCold   + + +      Faith    .   (no shield)
rNeg    . . .      Spirit   .   K - +2 robe {Will+}
rPois   .          Reflect  .   (helmet restricted)
rElec   .          Harm     .   d - scarf {repulsion}
rCorr   .          Rampage  .   J - +0 pair of gloves
Will    +....                   (boots unavailable)
Stlth   ++........              h - amulet of the Queen {rC+ Regen+ Dex+2}
HPRegen 0.97/turn               H - ring of ice
MPRegen 0.19/turn               P - +6 ring of intelligence

@: flying quickly and evasively, drained, repel missiles, quick
A: beak, talons 3, nimble flight
a: Renounce Religion


You were on level 10 of the Dungeon.
You worshipped Vehumet.
Vehumet was greatly pleased with you.
You visited 1 branch of the dungeon, and saw 10 of its levels.
You also visited: Ossuary.

You collected 664 gold pieces.

Inventory:

Hand Weapons
 b - a +5 dagger
 y - a +3 trident
Missiles
 f - a throwing net
Armour
 a - a +1 robe
 d - a scarf of repulsion (worn)
 G - a +0 troll leather armour
 J - a +0 pair of gloves (worn)
 K - a +2 robe of willpower (worn)
 L - a +2 leather armour of cold resistance
Magical Staves
 M - a staff of cold (weapon)
 N - a staff of death
Jewellery
 h - the amulet of the Queen (around neck) {rC+ Regen+ Dex+2}
   (You acquired it on level 3 of the Dungeon)

   [amulet of regeneration]

   Dex:       It affects your dexterity (+2).
   rC:        It protects you from cold.
   Regen:     It increases your rate of health regeneration.
 H - a ring of ice (left hand)
 P - a +6 ring of intelligence (right hand)
Wands
 s - a wand of flame (67)
 z - a wand of charming (10)
 A - a wand of iceblast (11)
 B - a wand of polymorph (8)
 F - a wand of paralysis (1)
 I - a wand of digging (7)
 Q - a wand of acid (4)
Scrolls
 j - 4 scrolls of teleportation
 l - 2 scrolls of immolation
 n - a scroll of fog
 o - 2 scrolls of fear
 q - a scroll of enchant weapon
 v - 4 scrolls of blinking
 w - 2 scrolls of enchant armour
 C - 2 scrolls of amnesia
 D - a scroll of noise {unknown}
Potions
 c - 3 potions of heal wounds
 e - 6 potions of curing
 g - 2 potions of flight {unknown}
 i - 2 potions of mutation {unknown}
 k - 5 potions of attraction
 m - 4 potions of resistance {unknown}
 p - 3 potions of cancellation
 r - 5 potions of might
 t - 4 potions of brilliance
 u - 5 potions of lignification {unknown}
 x - 3 potions of haste {unknown}
 E - a potion of berserk rage {unknown}
Miscellaneous
 O - a tin of tremorstones (2/2)


   Skills:
 - Level 1.0 Fighting
 - Level 1.7 Short Blades
 - Level 1.1 Polearms
 - Level 2.2 Armour
 - Level 5.0 Dodging
 - Level 2.0 Stealth
 + Level 8.7 Spellcasting
 * Level 13.2 Conjurations
 * Level 14.4 Air Magic
 - Level 0.2 Evocations


You had 3 spell levels left.
You knew the following spells:

 Your Spells              Type           Power      Damage    Failure   Level
a - Shock                 Conj/Air       100%       1d9       0%          1
b - Static Discharge      Conj/Air       70%        N/A       1%          2
c - Swiftness             Air            72%        N/A       1%          3
d - Mephitic Cloud        Conj/Pois/Air  56%        N/A       1%          3
e - Airstrike             Air            36%        N/A       1%          4
f - Freezing Cloud        Conj/Ice/Air   46%        6-21      1%          5
g - Stone Arrow           Conj/Erth      90%        3d12      1%          3
h - Conjure Flame         Conj/Fire      45%        6-21      1%          3

Your spell library contained the following spells:

 Spells                   Type           Power      Damage    Failure   Level
 Irradiate                Conj/Tmut      22%        3d21      2%          5
 Magic Dart               Conj           100%       1d8       0%          1
 Searing Ray              Conj           100%       2d8       1%          2
 Ignite Poison            Fire/Tmut/Pois 11%        N/A       4%          3
 Animate Skeleton         Necr           22%        N/A       5%          1
 Pain                     Necr           44%        1d6       5%          1
 Summon Small Mammal      Summ           44%        N/A       5%          1
 Call Canine Familiar     Summ           11%        N/A       16%         3
 Confusing Touch          Hex            11%        N/A       16%         3
 Summon Guardian Golem    Hex/Summ       11%        N/A       16%         3
 Vampiric Draining        Necr           11%        2d6       16%         3
 Fulminant Prism          Conj/Hex       22%        3d13      1%          4
 Olgreb's Toxic Radiance  Pois           11%        N/A       13%         4
 Yara's Violent Unravell  Hex/Tmut       5%         3d4       34%         5
 Enfeeble                 Hex            5%         N/A       100%        7
 Ozocubu's Refrigeration  Ice            12%        4d7       100%        7
 Ignition                 Fire           5%         3d4       100%        8


Dungeon Overview and Level Annotations

Branches:
Dungeon (10/15)            Temple (0/1) D:7            Lair (0/6) D:9
    Orc (0/2) D:9         Ossuary (visited)

Altars:
Gozag
Hepliaklqana
Makhleb
Nemelex Xobeh
Qazlal
Trog
Vehumet
Zin
The Shining One

Shops:
D:10 :

Annotations:
D:2 Terence
D:10 Josephine


Innate Abilities, Weirdness & Mutations

You have a beak for a mouth.
You have claws for feet.
Your magical nature lets you fly swiftly and evasively.


Message History

The orc warrior is heavily wounded.
The orc warrior is engulfed in freezing vapours.
The orc warrior barely misses you.
You closely miss the orc warrior. Your kick misses the orc warrior.
The orc warrior is severely wounded.
The orc warrior is engulfed in freezing vapours.
You kill the orc warrior!
Vehumet accepts your kill.
You feel your power returning.
HP restored.
There is an open door here.
Things that are here:
a +0 plate armour; a +0 battleaxe
Things that are here:
a +0 animal skin; a -1 halberd
There is an open door here.
There is an open door here.
There is a stone staircase leading down here.
You fly downwards.
Level annotation: Josephine
Found a short sword and a scratched wooden ring.
There is a stone staircase leading up here.
P - a +6 ring of intelligence You feel clever.
P - a +6 ring of intelligence (right hand)
e - 6 potions of curing (gained 1)
There is a stone staircase leading up here.
Q - a wand of acid (4)
Things that are here:
a +0 plate armour; a +0 hand axe; an orc skeleton Josephine and a steam dragon come into view.
Josephine is wielding a +0 dagger of venom and wearing a +2 robe of resistance.
Josephine shouts!
The steam dragon hisses angrily.
Josephine points at you and mumbles some strange words.
The ghostly flame explodes!
The ghostly fireball engulfs you!!
You feel drained. The steam dragon breathes steam at you.
The ball of steam hits you!!! The steam scalds you terribly!
Ouch! That really hurt!
You die...

..............#.#########.#.##.##
..#......@....._.................
. ##....#.....#.##.....##.#.#####
##..#.........#.......#....#).
###..####.................##.....
....####..D.............).# .###
............§.............# #.#
#########....§§.....[...).##..#
#......§@.....<......###♣
##......#.......#.####♣.∩
###########....#..(.............♣
#.......###...............#######
#..............#.......[..######.
#........#####.#...>........##...
#...[...## #.#..........#....##
#.......# #..........#.#.##..#
#.......# ####.#......##.#.###..


You could see Josephine.

Vanquished Creatures
  2 two-headed ogres
  A wizard (D:10)
  Pikel (D:8)
  A cyclops (D:10)
  A gargoyle (D:9)
  Psyche (D:8)
  A tengu conjurer (D:10)
  A komodo dragon (D:10)
  3 trolls
  Sigmund (D:6)
  5 wraiths
  Grum (D:9)
  10 yaks
  Eustachio (D:6)
  A steam dragon (D:5)
  4 orc warriors
  A sky beast (D:8)
  2 necrophages
  2 ogres
  2 centaurs
  3 wolves (D:9)
  A kobold brigand (D:7)
  3 bullfrogs
  2 gnoll sergeants
  3 scorpions
  12 killer bees
  2 howler monkeys (D:8)
  23 wights
  8 orc priests
  2 hounds (D:7)
  9 orc wizards
  A mummy (D:5)
  Robin (D:2)
  9 gnolls
  8 adders
  An adder zombie (Ossuary)
  2 worms (D:3)
  2 dart slugs
  53 orcs
  8 ball pythons
  6 bats
  4 endoplasms
  5 giant cockroaches
  17 goblins
  12 hobgoblins
  2 jackals (D:1)
  7 quokkas
  2 ball python skeletons (Ossuary)
  13 frilled lizards
  A hobgoblin skeleton (Ossuary)
  2 hobgoblin zombies
  16 kobolds
  A kobold zombie (D:5)
  An orc skeleton (Ossuary)
  An orc zombie (Ossuary)
  5 rats
290 creatures vanquished.

Vanquished Creatures (others)
  12 plants
12 creatures vanquished.

Grand Total: 302 creatures vanquished

Notes
Turn   | Place    | Note
-------+----------+-------------------------------------------
     0 | D:1      | dorian the Tengu Air Elementalist began the quest for the
                  | Orb.
     0 | D:1      | Reached XP level 1. HP: 10/10 MP: 4/4
   167 | D:1      | Reached XP level 2. HP: 15/15 MP: 1/6
   561 | D:1      | Reached skill level 5 in Air Magic
   740 | D:1      | Reached XP level 3. HP: 19/19 MP: 5/7
   859 | D:1      | Learned a level 2 spell: Static Discharge
  1637 | D:2      | Found a faded altar of an unknown god.
  1645 | D:2      | Noticed Robin
  1710 | D:2      | Reached XP level 4. HP: 24/24 MP: 5/9
  1744 | D:2      | Killed Robin
  1745 | D:2      | Reached skill level 1 in Short Blades
  2174 | D:2      | Noticed Terence
  2420 | D:1      | Learned a level 3 spell: Swiftness
  2424 | D:1      | Learned a level 3 spell: Mephitic Cloud
  3540 | D:3      | Gained mutation: Your magical nature lets you fly swiftly
                  | and evasively. [Tengu growth]
  3540 | D:3      | Reached XP level 5. HP: 28/28 MP: 5/10
  4532 | D:4      | Found a radiant altar of Vehumet.
  4543 | D:4      | Became a worshipper of Vehumet
  4598 | D:3      | Identified a scroll of acquirement
  4598 | D:3      | Acquired the amulet of the Queen {rC+ Regen+ Dex+2}
  4709 | D:4      | Reached skill level 6 in Air Magic
  5052 | D:4      | Noticed a necrophage
  5124 | D:4      | Killed a necrophage
  5125 | D:4      | Reached XP level 6. HP: 32/32 MP: 0/12
  5621 | D:5      | Entered Level 5 of the Dungeon
  5677 | D:5      | Found a sand-covered staircase.
  5732 | Ossuary  | Entered an ossuary
  5870 | Ossuary  | Noticed a wraith
  5870 | Ossuary  | Noticed a flying skull
  5891 | Ossuary  | Noticed a flying skull
  5914 | Ossuary  | Noticed a flying skull
  6044 | Ossuary  | Noticed a wraith
  6070 | Ossuary  | Killed a wraith
  6071 | Ossuary  | Reached skill level 7 in Air Magic
  6071 | Ossuary  | Reached XP level 7. HP: 33/36 MP: 5/14
  6115 | Ossuary  | Noticed a wraith
  6120 | Ossuary  | Killed a wraith
  6286 | D:5      | Reached * piety under Vehumet
  6286 | D:5      | Offered knowledge of Magic Dart by Vehumet.
  6303 | D:5      | Reached skill level 5 in Spellcasting
  6303 | D:5      | Reached skill level 5 in Conjurations
  6431 | D:5      | Noticed a steam dragon
  6438 | D:5      | Learned a level 4 spell: Airstrike
  6452 | D:5      | Killed a steam dragon
  6453 | D:5      | Reached skill level 8 in Air Magic
  6453 | D:5      | Reached XP level 8. HP: 24/42 MP: 4/16
  6578 | D:5      | Found a glowing golden altar of the Shining One.
  6643 | D:5      | Reached skill level 1 in Fighting
  7147 | D:6      | Reached skill level 1 in Polearms
  7251 | D:6      | Noticed Sigmund
  7267 | D:6      | Killed Sigmund
  7345 | D:6      | Found a bloodstained altar of Trog.
  7709 | D:6      | Found a glowing silver altar of Zin.
  7714 | D:6      | Noticed Eustachio
  7733 | D:6      | Killed Eustachio
  7734 | D:6      | Reached skill level 9 in Air Magic
  8231 | D:6      | Reached XP level 9. HP: 47/47 MP: 10/19
  8334 | D:6      | Found a sparkling altar of Nemelex Xobeh.
  8335 | D:6      | Found an opulent altar of Gozag.
  8902 | D:7      | Reached ** piety under Vehumet
  8902 | D:7      | Offered knowledge of Freeze by Vehumet.
  9540 | D:7      | Learned a level 5 spell: Freezing Cloud
  9610 | D:7      | Reached skill level 10 in Air Magic
  9645 | D:7      | Reached skill level 5 in Dodging
  9688 | D:7      | Found a staircase to the Ecumenical Temple.
 10041 | D:8      | Offered knowledge of Stone Arrow by Vehumet.
 10225 | D:8      | Reached *** piety under Vehumet
 10231 | D:8      | Reached XP level 10. HP: 51/52 MP: 14/21
 10245 | D:8      | Reached skill level 11 in Air Magic
 10508 | D:8      | Noticed Psyche
 10602 | D:8      | Reached skill level 1 in Armour
 10875 | D:8      | Killed Psyche
 10876 | D:8      | Reached skill level 10 in Conjurations
 10969 | D:8      | Noticed Pikel
 10973 | D:8      | Killed Pikel
 11055 | D:8      | Reached skill level 12 in Air Magic
 11119 | D:8      | Found a stormy altar of Qazlal.
 11314 | D:8      | Learned a level 3 spell: Stone Arrow
 11636 | D:9      | Noticed a two-headed ogre
 11641 | D:9      | Killed a two-headed ogre
 11742 | D:9      | Reached XP level 11. HP: 56/56 MP: 9/24
 11827 | D:9      | Offered knowledge of Conjure Flame by Vehumet.
 11832 | D:9      | Learned a level 3 spell: Conjure Flame
 11982 | D:9      | Reached skill level 13 in Air Magic
 12082 | D:9      | Noticed Grum
 12092 | D:9      | Killed Grum
 12482 | D:9      | Found a faded altar of an unknown god.
 12486 | D:9      | Found a hazy altar of Hepliaklqana.
 12565 | D:9      | Found a staircase to the Lair.
 12796 | D:9      | Found a staircase to the Orcish Mines.
 12822 | D:9      | Reached **** piety under Vehumet
 13130 | D:9      | Offered knowledge of Irradiate by Vehumet.
 13327 | D:10     | Entered Level 10 of the Dungeon
 13333 | D:10     | Noticed a cyclops
 13347 | D:10     | Killed a cyclops
 13414 | D:10     | Noticed a wizard
 13421 | D:10     | Killed a wizard
 13508 | D:10     | Noticed a two-headed ogre
 13513 | D:10     | Killed a two-headed ogre
 13690 | D:10     | Reached skill level 14 in Air Magic
 13738 | D:10     | Found Naopuaro's Book Emporium.
 13961 | D:10     | Found a burning altar of Makhleb.
 13970 | D:10     | Noticed Josephine
 14360 | D:10     | Killed from afar by a steam dragon

Illustrated notes

Levels and vault maps discovered:
D:1:      roderic_chinese_lattice_arrival, layout_basic
D:2:      layout_basic, chequers_ecumenical_altar_simple, minmay_lizard_king,
          uniq_robin, uniq_terence
D:3:      minmay_skewed_foursquare, layout_basic, st_stairs_10,
          chequers_serial_rivers_small_a, nrook_campfire, serial_bayou_pond_e
D:4:      layout_loops_ring, vehumet_altar_wand_db
D:5:      layout_cave_pools, tso_altar, nicolae_ossuary_entry_giza,
          gup_sewer_entry_pipe
D:6:      layout_basic, grunt_temple_overflow_opulence,
          mainiacjoe_overflow_brackets, mainiacjoe_overflow_catwalk,
          corexii_corridor_pit, uniq_eustachio, uniq_sigmund
D:7:      layout_cave_pods, minmay_temple_entry_from_below_b, serial_rivers,
          chequers_serial_rivers_large_b, chequers_serial_rivers_small_a,
          chequers_serial_rivers_large_a, chequers_serial_rivers_micro_d
D:8:      layout_basic, overflow_temple_1_default, uniq_psyche, uniq_pikel
D:9:      layout_grid_maze, beargit_hepliaklqana_dungeon_heroes,
          dpeg_oklobed_lair, hiddenorc1_lemuel, uniq_grum
D:10:     layout_rooms, lemuel_crystal_altar, serial_shops, nicolae_shop_trees,
          minmay_radiant, uniq_josephine

Skill      XL: |  1  2  3  4  5  6  7  8  9 10 11 |
---------------+----------------------------------+-----
Air Magic      | 5 6 7 8 9 10 12 14 | 14.4
Short Blades   | 1 |  1.7
Conjurations   | 2 3 4 5 6 9 11 13 | 13.2
Spellcasting   | 3 4 5 6 7 8 |  8.7
Fighting       | 1 |  1.0
Polearms       | 1 |  1.1
Dodging        | 3 5 |  5.0
Armour         | 2 |  2.2
Stealth        | |  2.0
Evocations     | |  0.2

Action                   |  1- 3 |  4- 6 |  7- 9 | 10-12 || total
-------------------------+-------+-------+-------+-------++-------
Melee: Unarmed           |     5 |       |       |       ||     5
       Kick              |     4 |     3 |     6 |     6 ||    19
       Dagger            |    15 |    16 |       |       ||    31
       Punch             |     1 |       |       |       ||     1
       Peck              |     1 |     3 |     8 |     1 ||    13
       Trident           |       |       |    24 |    11 ||    35
       Staff             |       |       |       |    10 ||    10
 Cast: Shock             |    62 |   157 |   200 |    87 ||   506
       Static Discharge  |     1 |    18 |    32 |    20 ||    71
       Swiftness         |       |     2 |       |       ||     2
       Airstrike         |       |       |     5 |    35 ||    40
       Freezing Cloud    |       |       |       |    40 ||    40
       Mephitic Cloud    |       |       |       |     1 ||     1
Evoke: Wand              |       |     1 |     4 |     2 ||     7
  Use: Scroll            |       |    12 |     4 |     1 ||    17
       Potion            |       |       |     1 |     1 ||     2
 Stab: Sleeping          |     1 |     1 |     2 |       ||     4
Armor: Robe              |     4 |     7 |     3 |     6 ||    20
       Troll leather arm |       |       |       |     1 ||     1
Dodge: Dodged            |    11 |    24 |    44 |    16 ||    95
